 Dungeon Crawl Stone Soup version 0.19-a0-1111-gcceb26a (webtiles) character file.

1301 mistymad the Magician (level 8, -5/46 HPs)
             Began as a Deep Elf Fire Elementalist on Aug 10, 2016.
             Hit by a javelin thrown by a centaur (10 damage)
             ... on level 5 of the Dungeon.
             The game lasted 00:17:30 (6470 turns).

mistymad the Magician (Deep Elf Fire Elementalist)  Turns: 6470, Time: 00:17:30

Health: -5/46      AC:  2    Str:  3    XL:     8   Next: 31%
Magic:  21/21      EV:  8    Int: 23    God:
Gold:   203        SH:  0    Dex: 15    Spells: 6 memorised, 4 levels left

rFire  . . .     SeeInvis .     k - +2 short sword (drain)
rCold  . . .     Gourm    .     a - +0 robe
rNeg   . . .     Faith    .     (no shield)
rPois  .         Spirit   .     (no helmet)
rElec  .         Dismiss  .     (no cloak)
rCorr  +         Reflect  .     (no gloves)
SustAt .         Harm     .     (no boots)
MR     .....                    (no amulet)
Stlth  ++........               d - -2 ring of strength (curse)
                                p - ring of resist corrosion

@:
A: no striking features
a: no special abilities


You were on level 5 of the Dungeon.
You were not hungry.

You visited 1 branch of the dungeon, and saw 5 of its levels.

You collected 203 gold pieces.

Inventory:

Hand Weapons
 k - a +2 short sword of draining (weapon)
Missiles
 s - 25 poisoned needles
 x - 61 sling bullets (quivered)
Armour
 a - a +0 robe (worn)
Jewellery
 d - a cursed -2 ring of strength (right hand)
 p - a ring of resist corrosion (left hand)
Scrolls
 e - 2 scrolls of teleportation
 f - 5 scrolls of identify {unknown}
 j - a scroll of immolation {unknown}
 m - 5 scrolls of magic mapping {unknown}
 n - 2 scrolls of fear {unknown}
 o - 3 scrolls of noise {unknown}
 q - a scroll of blinking {unknown}
 t - a scroll of enchant weapon {unknown}
 u - a scroll of amnesia {unknown}
Potions
 h - 2 potions of agility {unknown}
 i - a potion of resistance {unknown}
 l - a potion of degeneration {unknown}
 r - 2 potions of berserk rage
 v - a potion of haste {unknown}
 z - a potion of cure mutation {unknown}
 A - a potion of flight {unknown}
Books
 b - a book of Flames

   Spells                             Type                      Level
   a - Flame Tongue                   Conjuration/Fire             1
   b - Throw Flame                    Conjuration/Fire             2
   c - Conjure Flame                  Conjuration/Fire             3
   d - Inner Flame                    Hexes/Fire                   3
   e - Sticky Flame                   Conjuration/Fire             4
   f - Fireball                       Conjuration/Fire             5
Comestibles
 c - 4 bread rations
 g - 2 meat rations
 w - a beef jerky
 B - 3 chunks of flesh


   Skills:
 + Level 3.0 Fighting
 - Level 2.4 Dodging
 - Level 2.4 Stealth
 + Level 7.6 Spellcasting
 + Level 6.0 Conjurations
 + Level 6.5 Fire Magic


You had 4 spell levels left.
You knew the following spells:

 Your Spells              Type           Power        Failure   Level  Hunger
a - Flame Tongue          Conj/Fire      #####        1%          1    None
b - Throw Flame           Conj/Fire      #####.       1%          2    None
c - Conjure Flame         Conj/Fire      #####...     1%          3    None
d - Inner Flame           Hex/Fire       ###.....     8%          3    None
e - Sticky Flame          Conj/Fire      #####...     8%          4    ###....
f - Fireball              Conj/Fire      #####.....   17%         5    #####..


Dungeon Overview and Level Annotations

Branches:
Dungeon (5/15)
 Temple: D:4-7

Altars:
Dithmenos
Fedhas
Kikubaaqudgha
Pakellas
Vehumet


Message History

Reactivating autopickup.
A sky beast comes into view. x2
The sky beast closely misses you.
The centaur shouts!
The centaur throws a javelin.
The javelin hits you.
You see here a javelin.
You take 6 damage, and have 25/46 hp.
The centaur throws a javelin.
The javelin hits you!
* * * LOW HITPOINT WARNING * * *
You see here a javelin.
You take 15 damage, and have 10/46 hp.
MASSIVE DAMAGE!!
The centaur throws a javelin.
The javelin hits you.
* * * LOW HITPOINT WARNING * * *
The centaur throws a javelin.
The javelin closely misses you.
There is a stone staircase leading up, spattered with blood here.
Things that are here:
a javelin; 6 arrows You take 6 damage, and have 5/46 hp.
The centaur throws a javelin.
The javelin hits you!
You die...

..............#...
#+#####.............#...
#.....#.............#...
#.....#..(.#####....#... ..
#.....#....##.......#...
...#.....#....##.##....#...
...##+##'#...c..(......####
#.............(.####.##
#........@Y.###....#...#
+......()...###....#...# ...
###....(......##.....#..####
#.....####...((......._......##..
#.....# #........#.....##.......
#.(...# '.....<..#....###.......
#.....####........#....###..+##..
#####.............####.......##..
....#............................


You could see a sky beast and a centaur.

Vanquished Creatures
  Pikel (D:5)
  Menkaure (D:5)
  Edmund (D:4)
  4 slaves (D:5)
  An ogre (D:4)
  A howler monkey (D:4)
  An orc priest (D:4)
  A jelly (D:5)
  Jessica (D:3)
  Natasha (thrice) (D:3)
  2 iguanas
  An orc wizard (D:4)
  2 worker ants
  7 gnolls
  A howler monkey skeleton (D:5)
  8 adders
  An ooze (D:1)
  2 adder skeletons (D:4)
  6 orcs
  9 bats
  2 giant cockroaches
  11 hobgoblins
  2 jackals (D:3)
  9 kobolds
  A quokka (D:4)
  2 ball pythons (D:2)
  3 giant newts
  9 goblins
  3 rats
96 creatures vanquished.

Vanquished Creatures (others)
  An orc (D:5)
1 creature vanquished.

Grand Total: 97 creatures vanquished

Notes
Turn   | Place    | Note
-------+----------+-------------------------------------------
     0 | D:1      | mistymad the Deep Elf Fire Elementalist began the quest for the Orb.
     0 | D:1      | Reached XP level 1. HP: 10/10 MP: 6/6
   196 | D:1      | Reached XP level 2. HP: 15/15 MP: 5/8
   203 | D:1      | Learned a level 2 spell: Throw Flame
   908 | D:1      | Reached XP level 3. HP: 18/19 MP: 5/10
  1385 | D:2      | Found an oddly glowing altar of Pakellas.
  1431 | D:2      | Reached skill level 4 in Spellcasting
  1556 | D:2      | Learned a level 3 spell: Conjure Flame
  1734 | D:2      | Reached XP level 4. HP: 24/24 MP: 8/12
  2551 | D:3      | Found a shadowy altar of Dithmenos.
  2573 | D:3      | Learned a level 3 spell: Inner Flame
  2614 | D:3      | Noticed Natasha
  2621 | D:3      | Killed Natasha
  2750 | D:3      | Noticed Natasha
  2755 | D:3      | Killed Natasha
  2755 | D:3      | Reached XP level 5. HP: 22/28 MP: 7/14
  2889 | D:3      | Reached skill level 5 in Spellcasting
  2991 | D:3      | murphy: did u know u can burn down forests?
  2991 | D:3      | mistymad: y)
  2991 | D:3      | mistymad: y)
  2991 | D:3      | mistymad: once im butn all forest on lair 6 with fireballs XD
  3006 | D:3      | Noticed Natasha
  3013 | D:3      | Killed Natasha
  3077 | D:3      | Learned a level 4 spell: Sticky Flame
  3335 | D:3      | Noticed Jessica
  3340 | D:3      | Killed Jessica
  3820 | D:4      | Reached XP level 6. HP: 32/32 MP: 12/16
  3966 | D:4      | Found a radiant altar of Vehumet.
  4109 | D:4      | Found a blossoming altar of Fedhas.
  4232 | D:4      | Reached skill level 5 in Fire Magic
  4370 | D:4      | Reached skill level 1 in Fighting
  4582 | D:4      | Reached skill level 6 in Spellcasting
  4926 | D:5      | Entered Level 5 of the Dungeon
  4937 | D:5      | Found an ancient bone altar of Kikubaaqudgha.
  4956 | D:5      | Noticed Edmund
  5234 | D:5      | Noticed Menkaure
  5295 | D:4      | Reached XP level 7. HP: 11/38 MP: 7/18
  5656 | D:4      | Killed Edmund
  5921 | D:5      | Killed Menkaure
  5921 | D:5      | Reached skill level 5 in Conjurations
  5963 | D:5      | Learned a level 5 spell: Fireball
  6041 | D:5      | Noticed Pikel
  6048 | D:5      | Killed Pikel
  6048 | D:5      | Reached skill level 7 in Spellcasting
  6048 | D:5      | Reached XP level 8. HP: 25/45 MP: 5/21
  6470 | D:5      | Hit by a javelin thrown by a centaur

Vault maps used:
D:1:      shiori_arrival_maze
D:2:      serial_corexii_hall, corexii_hall_statues_l,
          corexii_hall_statues_deadend, corexii_hall_statues_x,
          grunt_pakellas_basics
D:3:      wad_pebble_path, nicolae_dithmenos_through_a_glass_darkly,
          uniq_natasha, uniq_jessica
D:4:      lemuel_crystal_altar, vehumet_crystals, first_bread
D:5:      nicolae_overflow_crystal_walls, uniq_sigmund, uniq_menkaure,
          uniq_edmund, uniq_pikel

Skill      XL: |  1  2  3  4  5  6  7  8 |
---------------+-------------------------+-----
Conjurations   | 2 3 4 5 6 |  6.0
Spellcasting   | 4 5 6 7 |  7.6
Fire Magic     | 4 5 6 |  6.5
Fighting       | 1 2 3 |  3.0
Dodging        | |  2.4
Stealth        | |  2.4

Action                   |  1- 3 |  4- 6 |  7- 9 || total
-------------------------+-------+-------+-------++-------
Melee: Unarmed           |     1 |       |       ||     1
       Short sword       |       |     5 |     3 ||     8
 Cast: Flame Tongue      |    27 |    64 |    29 ||   120
       Throw Flame       |    24 |    43 |     9 ||    76
       Conjure Flame     |     1 |    10 |     4 ||    15
       Inner Flame       |       |     4 |     3 ||     7
       Fireball          |       |       |     1 ||     1
  Use: Potion            |       |     1 |       ||     1
       Scroll            |       |       |     1 ||     1
  Eat: Chunk             |     3 |    10 |     5 ||    18
Armor: Robe              |     1 |     4 |     2 ||     7
Dodge: Dodged            |     6 |     7 |    12 ||    25
